 Dungeon Crawl Stone Soup version 0.30-a0-365-ge7f957f1db (webtiles) character file.

Game seed: 15234086101609830108

402 holysushi the Cleaver (level 7, -12/55 HPs)
             Began as a Meteoran Reaver on Nov 17, 2022.
             Mangled by an orc warrior
             ... wielding a +0 flail
              (13 damage)
             ... on level 5 of the Dungeon.
             The game lasted 00:10:19 (2210 turns).

holysushi the Cleaver (Meteoran Reaver)             Turns: 2210, Time: 00:10:20

Health: -12/55     AC:  8    Str: 13    XL:     7   Next: 33%
Magic:  21/21      EV: 11    Int: 17    God:
Gold:   109        SH:  0    Dex: 13    Spells: 8/11 levels left

rFire   . . .      SeeInvis .    r - +2 hand axe (venom)
rCold   . . .      Faith    .    (no shield)
rNeg    + . .      Spirit   .    e - +3 ring mail {rPois}
rPois   +          Reflect  .    (no helmet)
rElec   .          Harm     .    (no cloak)
rCorr   .          Rampage  .    (no gloves)
Will    .....                    (no boots)
Stlth   +.........               q - amulet of the acrobat
HPRegen 0.29/turn                g - ring of magical power
MPRegen 0.17/turn                m - ring of positive energy

@: glowing
A: sense surroundings 1, otherworldly, glowing, explore regen
a: no special abilities


You were on level 5 of the Dungeon.
You visited 1 branch of the dungeon, and saw 6 of its levels.

You collected 109 gold pieces.

Inventory:

Hand Weapons
 a - a +0 hand axe
 k - a +0 war axe
 r - a +2 hand axe of venom (weapon)
Armour
 b - a +0 leather armour
 e - a +3 ring mail of poison resistance (worn)
 j - a +3 leather armour of fire resistance
Jewellery
 g - a ring of magical power (left hand)
 m - a ring of positive energy (right hand)
 q - an amulet of the acrobat (around neck)
Wands
 i - a wand of roots (3)
Scrolls
 n - a scroll of teleportation
 s - a scroll of poison {unknown}
Potions
 c - a potion of lignification
 d - a potion of curing
 f - 2 potions of magic
 h - a potion of mutation
 l - a potion of might
 o - a potion of flight {unknown}
 p - 4 potions of heal wounds
 u - 2 potions of degeneration {unknown}


   Skills:
 - Level 2.1 Fighting
 + Level 9.0 Axes
 - Level 2.4 Dodging
 - Level 2.6 Spellcasting
 - Level 3.6 Conjurations


You had 8 spell levels left.
You knew the following spells:

 Your Spells              Type           Power      Damage    Failure   Level
a - Kiss of Death         Conj/Necr      32%        2d7       19%         1
b - Momentum Strike       Conj/Tloc      16%        3d8       28%         2

Your spell library contained the following spells:

 Spells                   Type           Power      Damage    Failure   Level
 Hailstorm                Conj/Ice       8%         3d4       50%         3
 Scorch                   Fire           4%         2d5       52%         2
 Confusing Touch          Hex            2%         N/A       75%         3
 Gell's Gravitas          Tloc           2%         N/A       75%         3
 Teleport Other           Tloc           2%         N/A       75%         3
 Flame Wave               Conj/Fire      8%         2d5       88%         4
 Dispel Undead            Necr           2%         3d7       98%         4
 Dispersal                Tloc           1%         N/A       100%        6
 Summon Cactus Giant      Summ           1%         N/A       100%        6


Dungeon Overview and Level Annotations

Branches:
Dungeon (6/15) Zot: 1373
 Temple: D:4-7

Altars:
Dithmenos
Elyvilon
Xom
Zin


Innate Abilities, Weirdness & Mutations

You passively map a small area around you.
You are easily found by Zot.
You glow in the dark.
You regain HP and MP as you explore.


Message History

The orc warrior is moderately wounded.
The orc warrior barely misses you.
You hit the orc warrior.
The orc warrior looks as sick as possible!
The orc warrior is heavily wounded.
The orc warrior hits you with a +0 flail!
You are too injured to fight recklessly!
You are too injured to fight recklessly!
You are too injured to fight recklessly!
You closely miss the orc warrior.
The orc warrior is heavily wounded.
The orc hits you but does no damage. The orc warrior barely misses you.
You closely miss the orc.
You hit the orc warrior but do no damage.
The orc warrior looks as sick as possible!
The orc hits you with a +0 mace. The orc closely misses you.
You hit the orc.
The orc is poisoned.
The orc is heavily wounded.
You hit the orc warrior but do no damage.
The orc warrior looks as sick as possible!
The orc warrior hits you but does no damage.
The orc hits you with a +0 mace!
You closely miss the orc.
The orc is heavily wounded.
You hit the orc warrior but do no damage.
The orc warrior looks as sick as possible!
The orc warrior hits you with a +0 flail!
* * * LOW HITPOINT WARNING * * *
The orc hits you but does no damage.
You hit the orc.
The orc looks even sicker.
The orc is almost dead.
You hit the orc warrior but do no damage.
The orc warrior looks as sick as possible!
You kill the orc!
The orc warrior hits you with a +0 flail!
* * * LOW HITPOINT WARNING * * *
You barely miss the orc warrior.
The orc warrior is almost dead.
The orc warrior hits you with a +0 flail!
You die...

* , .........##
* ..........##
...........##,
* ,
............##+
,
...............
* ,
...............
*
.......).......
* ###@### , , ,
##...o^##* * ,
##.^..^..## *
##.^.^^^...# *
#...>†...^.#,
#..††...^^....
* ,
##.....^^..#..
* ,
#...^^.$..#.. ,
##.......## *


You could see an orc warrior (extremely poisoned).

Vanquished Creatures
  A necrophage (D:4)
  A jelly (D:6)
  2 hounds
  Jessica (D:2)
  Ijyb (D:4)
  An orc wizard (D:3)
  Terence (D:3)
  6 adders
  4 worms (D:5)
  3 dart slugs
  16 orcs
  2 endoplasms
  2 giant cockroaches
  8 goblins
  4 hobgoblins
  4 jackals (D:4)
  4 quokkas
  4 ball pythons
  6 bats
  2 frilled lizards
  2 kobolds (D:1)
  5 rats
80 creatures vanquished.

Vanquished Creatures (others)
  8 plants (D:3)
  14 withered plants (D:3)
22 creatures vanquished.

Grand Total: 102 creatures vanquished

Notes
Turn   | Place    | Note
-------+----------+-------------------------------------------
     0 | D:1      | holysushi the Meteoran Reaver began the quest for the Orb.
     0 | D:1      | Reached XP level 1. HP: 17/17 MP: 5/5
   108 | D:1      | Reached skill level 4 in Axes
   114 | D:1      | Reached XP level 2. HP: 23/24 MP: 6/6
   378 | D:1      | Learned a level 2 spell: Momentum Strike
   530 | D:2      | Reached XP level 3. HP: 28/29 MP: 8/8
   569 | D:2      | Reached skill level 5 in Axes
   827 | D:2      | Reached XP level 4. HP: 26/36 MP: 9/9
   862 | D:2      | Found a glowing silver altar of Zin.
   970 | D:2      | Noticed Jessica
   974 | D:2      | Killed Jessica
   975 | D:2      | Reached skill level 6 in Axes
   987 | D:2      | Reached XP level 5. HP: 33/41 MP: 10/10
  1143 | D:3      | Reached skill level 7 in Axes
  1182 | D:3      | Found a faded altar of an unknown god.
  1310 | D:3      | Found a white marble altar of Elyvilon.
  1348 | D:4      | Reached XP level 6. HP: 44/48 MP: 11/11
  1359 | D:3      | Noticed Terence
  1368 | D:3      | Killed Terence
  1626 | D:4      | Found a shadowy altar of Dithmenos.
  1629 | D:4      | Found a shimmering altar of Xom.
  1659 | D:5      | Entered Level 5 of the Dungeon
  1844 | D:4      | Noticed Ijyb
  1855 | D:4      | Killed Ijyb
  1856 | D:4      | Reached skill level 8 in Axes
  1960 | D:4      | Reached XP level 7. HP: 46/55 MP: 12/12
  2193 | D:5      | Reached skill level 9 in Axes
  2209 | D:5      | HP: 1/55 [orc warrior/+0 flail (8)]
  2210 | D:5      | Mangled by an orc warrior

Illustrated notes

Levels and vault maps discovered:
D:1:      ncdulo_lavacross, layout_basic
D:2:      layout_loops_cross, basic_altar, uniq_jessica
D:3:      layout_basic, nicolae_overflow_crystal_walls,
          shapermc_ecumenical_altar_flowoftime, uniq_robin, uniq_terence
D:4:      layout_gridville, kennysheep_mini, xom_teletrap_fun,
          nicolae_dithmenos_shadow_blocks, uniq_ijyb
D:5:      layout_basic, mainiacjoe_overflow_small_starburst, serial_shops, shop,
          kennysheep_diamond, nicolae_wormholes
D:6:      layout_gridville, temple_pool_b, nicolae_ossuary_entry_false_entrances

Skill      XL: |  1  2  3  4  5  6  7 |
---------------+----------------------+-----
Axes           | 4 5 6 7 8 9 |  9.0
Fighting       | |  2.1
Dodging        | |  2.4
Spellcasting   | |  2.6
Conjurations   | |  3.6

Action                   |  1- 3 |  4- 6 |  7- 9 || total
-------------------------+-------+-------+-------++-------
Melee: Hand axe          |    77 |    67 |    32 ||   176
       War axe           |    17 |    90 |       ||   107
       Punch             |     1 |     1 |     2 ||     4
  Use: Scroll            |       |    12 |     2 ||    14
Armor: Leather armour    |    36 |       |       ||    36
       Ring mail         |    13 |    78 |    11 ||   102
Dodge: Dodged            |    63 |   100 |    13 ||   176

Table legend: (Time is in decaauts)
 A = Elapsed time spent in this place.
 B = Non-inter-level travel time spent in this place.
 C = Inter-level travel time spent in this place.
 D = Time resting spent in this place.
 E = Time spent auto-exploring this place.
 F = Levels seen in this place.
 G = Mean time per level.
                   A        B        C        D        E       F      G
               +--------+--------+--------+--------+--------+-----+--------+
         Total |   2226 |   2208 |     18 |      0 |      0 |   6 |  371.0 |
       Dungeon |   2226 |   2208 |     18 |      0 |      0 |   6 |  371.0 |
               +--------+--------+--------+--------+--------+-----+--------+

Top non-repeatable levels by time:
     D:1: 540 daAuts
     D:4: 536 daAuts
     D:3: 527 daAuts
     D:2: 503 daAuts
     D:5: 69 daAuts
     D:6: 48 daAuts
